 Dungeon Crawl Stone Soup version 0.31-a0-175-g9f7f995f2b (webtiles) character file.

Game seed: 16064729619324779033

1143 qw the Skirmisher (level 8, 0/49 HPs)
             Began as a Gargoyle Hunter on June 16, 2023.
             Slain by a gnoll bouda
             ... wielding a +0 club
              (2 damage)
             ... on level 5 of the Dungeon.
             The game lasted 00:01:35 (3598 turns).

qw the Skirmisher (Gargoyle Hunter)                 Turns: 3598, Time: 00:01:36

Health: 0/49       AC: 16    Str: 15    XL:     8   Next: 37%
Magic:  8/8        EV: 11    Int: 10    God:
Gold:   327        SH:  0    Dex: 15    Spells: 7/7 levels left

rFire   . . .        Y - +1 shortbow (freeze)
rCold   . . .        (shield currently unavailable)
rNeg    + . .        e - +0 ring mail
rPois   inf          (no helmet)
rElec   +            f - +1 cloak
rCorr   .            d - +2 pair of gloves
SInv    .            (no boots)
Will    .....        (no amulet)
Stlth   +            (no ring)
HPRegen 0.28/turn    (no ring)
MPRegen 0.11/turn

%: no passive effects
@: no status effects
A: sickness immunity, AC +5, negative energy resistance 1, electricity
resistance, torment resistance 1, petrification resistance
a: no special abilities


You were on level 5 of the Dungeon.
You visited 1 branch of the dungeon, and saw 5 of its levels.
You also visited: Sewer.

You collected 327 gold pieces.


Innate Abilities, Weirdness & Mutations

You are immune to sickness and miasma.
Your stone body is resilient. (AC +5)
You are immune to poison.
You resist negative energy. (rN+)
You are resistant to electric shocks. (rElec)
You are resistant to unholy torment.
You are immune to petrification.


   Skills:
 - Level 5.3 Fighting
 + Level 8.6 Ranged Weapons
 - Level 3.1 Armour
 - Level 2.3 Dodging
 - Level 1.1 Stealth


You had 7 spell levels left.
You didn't know any spells.
Your spell library was empty.

Inventory:

Hand Weapons
 Y - a +1 shortbow of freezing (weapon)
Armour
 d - a +2 pair of gloves (worn)
 e - a +0 ring mail (worn)
 f - a +1 cloak (worn)
Scrolls
 b - 3 scrolls of identify
Potions
 a - a potion of might
 c - a potion of curing
 h - a potion of haste
 i - a potion of lignification

Dungeon Overview and Level Annotations

Branches:
Dungeon (5/15)              Sewer (visited)
 Temple: D:4-7

Altars:
Trog

Shops:
D:1 [   D:2 (

Annotations:
D:3 1 runed translucent door, qw's ghost, amateur GrHu
D:5 Blork the orc


Message History

You shoot an arrow. The arrow hits the gnoll bouda.
The arrow freezes the gnoll bouda.
The gnoll bouda is lightly wounded.
Blork the orc closely misses you. The adder bites you but does no damage.
The gnoll barely misses you. The gnoll hits you but does no damage.
The gnoll bouda closely misses you.
Blork the orc hits you but does no damage.
You shoot an arrow. The arrow barely misses the gnoll.
The arrow hits the iguana!
The arrow freezes the iguana.
The iguana is severely wounded.
The adder bites you but does no damage. Blork the orc misses you.
The adder barely misses you. The gnoll hits you with a +0 flail!
The gnoll hits you but does no damage. The gnoll bouda closely misses you.
The gnoll hits you but does no damage.
You shoot an arrow. The arrow barely misses the gnoll.
Blork the orc barely misses you. The adder closely misses you.
The gnoll misses you.
The gnoll hits you but does no damage. x2
The gnoll bouda barely misses you.
Blork the orc hits you from afar with a +0 halberd.
You shoot an arrow. The arrow hits the iguana.
The arrow freezes the iguana.
You kill the iguana!
The adder misses you.
Blork the orc hits you but does no damage.
The gnoll hits you with a +0 flail. The gnoll closely misses you.
The gnoll barely misses you. The gnoll bouda completely misses you.
The adder bites you but does no damage.
You shoot an arrow. The arrow closely misses the gnoll.
Blork the orc begins to cast a cantrip, but forgets the words!
The gnoll hits you but does no damage. The adder barely misses you.
The gnoll misses you.
Blork the orc hits you but does no damage.
The gnoll closely misses you.
The gnoll bouda hits you with a +0 club.
The white imp barely misses you.
You shoot an arrow. The arrow barely misses the gnoll.
Blork the orc hits you from afar with a +0 halberd.
The adder bites you but does no damage. The gnoll closely misses you.
The gnoll misses you.
The gnoll bouda hits you with a +0 club.
You die...

..........>.......# ....
........######...###...#
........########.......#
........................
##...##.................
###.#########.....##...
#............#..##...
####...........5........
...............g@.......
...............Sgg......
##..............og......
###....................#
........................
###.%...................
##.............#.(..?.
##.....#......#......


You could see Blork the orc (fast), a gnoll bouda, 3 gnolls, an adder and a
white imp.

Vanquished Creatures
  Edmund (D:3)
  A water moccasin (D:5)
  3 black bears
  Pargi (Sewer)
  An ice beast (D:5)
  An ogre (D:5)
  2 hounds (D:4)
  A gnoll bouda (D:4)
  Jessica (D:3)
  2 iguanas (D:5)
  2 orc wizards (D:4)
  4 adders
  4 gnolls
  An ufetubus (D:4)
  A worm (D:3)
  A dart slug (D:5)
  8 orcs
  8 ball pythons
  10 endoplasms
  8 giant cockroaches
  5 goblins
  7 hobgoblins
  3 quokkas
  7 bats
  3 frilled lizards
  12 kobolds
  3 rats
101 creatures vanquished.

Notes
Turn   | Place    | Note
-------+----------+-------------------------------------------
     0 | D:1      | qw the Gargoyle Hunter began the quest for the Orb.
     0 | D:1      | Reached XP level 1. HP: 12/12 MP: 1/1
     0 | D:1      | 0 ||| qw: Version: 0.2-a-29-g511e9b1
     0 | D:1      | 0 ||| qw: Game counter: 78
     0 | D:1      | 0 ||| qw: Always use a shield: true
     0 | D:1      | 0 ||| qw: God list: Okawaru
     0 | D:1      | 0 ||| qw: Allow faded altars: false
     0 | D:1      | 0 ||| qw: Do Orc after D:15 true
     0 | D:1      | 0 ||| qw: Do second Lair branch before Depths: true
     0 | D:1      | 0 ||| qw: Lair rune preference: random
     0 | D:1      | 0 ||| qw: Plans: Normal, Zot:1-4, Slime:5, God:TSO, Crypt,
                  | Tomb, Abyss, Pan, Hells, Win
     0 | D:1      | 0 ||| PLANNING D:1-11
   114 | D:1      | Reached XP level 2. HP: 17/17 MP: 2/2
   312 | D:1      | Found Cikk's Antique Armour Shoppe.
   320 | D:1      | 320 ||| SHOPLISTING glowing robe (77 gold, have 45).
   320 | D:1      | 320 ||| SHOPLISTING helmet (94 gold, have 45).
   320 | D:1      | 320 ||| SHOPLISTING transparent leather armour (147 gold,
                  | have 45).
   769 | D:1      | Reached XP level 3. HP: 21/21 MP: 3/3
   879 | D:1      | 879 ||| UPGRADING to +1 pair of gloves.
   884 | D:1      | 884 ||| UPGRADING to +0 ring mail.
   894 | D:1      | 894 ||| DROPPING +0 leather armour.
   895 | D:1      | 895 ||| UPGRADING to +0 cloak.
   900 | D:1      | 900 ||| READING scroll labelled NUYDIE HAARA.
   901 | D:1      | 901 ||| DROPPING scroll of butterflies.
  1119 | D:2      | Reached skill level 1 in Armour
  1140 | D:2      | Reached skill level 5 in Ranged Weapons
  1178 | D:2      | Found Jaechuor's Antique Weapon Emporium.
  1182 | D:2      | 1182 ||| SHOPLISTING runed orcbow (136 gold, have 128).
  1282 | D:2      | Reached skill level 3 in Fighting
  1282 | D:2      | Reached XP level 4. HP: 27/28 MP: 4/4
  1421 | D:2      | 1421 ||| READING scroll labelled QYSHRA BIARIDGHAS.
  1422 | D:2      | 1422 ||| READING 2 scrolls labelled GIEMOCHUER.
  1423 | D:2      | 1423 ||| READING scroll labelled ROCZUE HOMP.
  1424 | D:2      | 1424 ||| READING scroll labelled HUANUCL RIOKHLEQO.
  1452 | D:3      | 1452 ||| PLANNING SEWER
  1581 | D:3      | Found a bloodstained altar of Trog.
  1636 | D:3      | Identified the +0 rapier of Cerissen {heavy, +Blink Int+4}
  1696 | D:3      | Noticed Jessica
  1697 | D:3      | Killed Jessica
  1784 | D:3      | Found a glowing drain.
  1786 | D:3      | 1786 ||| READING scroll labelled RIPOMEMUIT.
  1787 | D:3      | 1787 ||| DRINKING 2 coppery potions.
  1788 | D:3      | 1788 ||| READING 4 scrolls of identify.
  1788 | D:3      | 1788 ||| IDENTIFYING smoky blue potion
  1804 | Sewer    | Entered a sewer
  1809 | Sewer    | Reached XP level 5. HP: 32/32 MP: 5/5
  1891 | Sewer    | Noticed Pargi
  1901 | Sewer    | Killed Pargi
  1902 | Sewer    | Reached skill level 6 in Ranged Weapons
  1958 | Sewer    | 1958 ||| READING scroll labelled KOOCA PYPNUITT.
  1962 | Sewer    | 1962 ||| READING scroll labelled ANEADASERI.
  1963 | Sewer    | 1963 ||| READING 3 scrolls of identify.
  1963 | Sewer    | 1963 ||| IDENTIFYING inky potion
  1970 | D:3      | 1970 ||| PLANNING D:1-11
  2052 | D:3      | 2052 ||| READING 2 scrolls of enchant armour.
  2052 | D:3      | 2052 ||| ENCHANTING +1 pair of gloves.
  2053 | D:3      | 2053 ||| READING scroll of enchant armour.
  2053 | D:3      | 2053 ||| ENCHANTING +0 cloak.
  2139 | D:3      | Found a runed translucent door.
  2141 | D:3      | Noticed qw's ghost (amateur GrHu)
  2378 | D:3      | 2378 ||| READING scroll labelled UNEUDY NEOHI.
  2379 | D:3      | 2379 ||| READING 2 scrolls of identify.
  2379 | D:3      | 2379 ||| IDENTIFYING fizzy black potion
  2397 | D:4      | Noticed Edmund
  2401 | D:4      | Noticed a black bear
  2403 | D:4      | 2403 ||| STAIRDANCE
  2409 | D:3      | HP: 7/32 [Edmund/+2 flail of protection (2)]
  2411 | D:3      | HP: 3/32 [Edmund/+2 flail of protection (4)]
  2418 | D:3      | HP: 3/32 [Edmund/+2 flail of protection (2)]
  2424 | D:3      | Killed Edmund
  2425 | D:3      | Reached XP level 6. HP: 4/39 MP: 6/6
  2593 | D:4      | 2593 ||| STAIRDANCE
  2598 | D:3      | Killed a black bear
  2599 | D:3      | Reached skill level 7 in Ranged Weapons
  2603 | D:3      | Reached XP level 7. HP: 27/44 MP: 7/7
  2784 | D:4      | Reached skill level 3 in Armour
  2853 | D:4      | 2853 ||| Stepping ~*~*~tactically~*~*~ (outnumbered).
  3194 | D:4      | 3194 ||| READING scroll labelled ULYAXO XAYN.
  3220 | D:5      | Entered Level 5 of the Dungeon
  3231 | D:5      | 3231 ||| STAIRDANCE
  3251 | D:4      | HP: 7/44 [something/puff of flame (9)]
  3408 | D:5      | Reached skill level 8 in Ranged Weapons
  3462 | D:5      | Reached XP level 8. HP: 39/49 MP: 8/8
  3483 | D:5      | 3483 ||| FLEEEEING.
  3578 | D:5      | Noticed Blork the orc
  3594 | D:5      | HP: 7/49 [gnoll/+0 flail[a gnoll bouda] (8)]
  3597 | D:5      | HP: 3/49 [gnoll bouda/+0 club (1)]
  3598 | D:5      | Slain by a gnoll bouda

Levels and vault maps discovered:
D:1:      dpeg_arrival_line_fractal, layout_loops_corners, serial_shops, shop
D:2:      layout_rooms, serial_shops, nicolae_shop_back_alley_shop
D:3:      layout_basic, old_standard_altar, cheibrodos_sewer_entry_sluice,
          ebering_ghost_sewer_d, minmay_misc_feat_four_crosses,
          kennysheep_generic_room_7, uniq_jessica
D:4:      layout_cave_pools, chequers_serial_rivers_large_a, uniq_edmund
D:5:      layout_rooms, kennysheep_mini, minmay_temple_entry_grid,
          uniq_menkaure, uniq_blork_the_orc, uniq_eustachio

Skill      XL: |  1  2  3  4  5  6  7  8 |
---------------+-------------------------+-----
Armour         | 1 3 |  3.1
Ranged Weapons | 5 6 7 8 |  8.6
Fighting       | 3 4 5 |  5.3
Dodging        | 2 |  2.3
Stealth        | |  1.1

Action                     |  1- 3 |  4- 6 |  7- 9 || total
---------------------------+-------+-------+-------++-------
   Fire: Shortbow          |   120 |   111 |   152 ||   383
    Use: Scroll            |     1 |    13 |     1 ||    15
         Potion            |       |     1 |       ||     1
 Armour: Leather armour    |    13 |       |       ||    13
         Ring mail         |    10 |    52 |    90 ||   152
  Dodge: Dodged            |    35 |    48 |    85 ||   168

Table legend:
 A = Non-vault XP
 B = Vault XP
 C = Vault XP percentage of total XP
 D = Non-vault monster count
 E = Vault monster count
 F = Vault count percentage of total count
                 A         B        C        D         E       F
            +---------+---------+-------+---------+---------+-------
      Total |    1279 |     354 |  21.7 |      88 |      13 |  12.9
            +---------+---------+-------+---------+---------+-------
        D:1 |      38 |       0 |   0.0 |      24 |       0 |   0.0
        D:2 |      51 |       0 |   0.0 |      16 |       0 |   0.0
        D:3 |     174 |     215 |  55.3 |      15 |       5 |  25.0
        D:4 |     406 |       0 |   0.0 |      21 |       0 |   0.0
        D:5 |     610 |       0 |   0.0 |      12 |       0 |   0.0
      Sewer |       0 |     139 | 100.0 |       0 |       8 | 100.0
            +---------+---------+-------+---------+---------+-------
